 Dungeon Crawl Stone Soup version 0.28.0-53-g5a82cb258f (webtiles) character file.

Game seed: 14826961378676124186

17195 unlimited1921 the Thaumaturge (level 12, -21/74 HPs)
             Began as a Djinni Fire Elementalist on July 22, 2022.
             Was an Initiate of Fedhas.
             Demolished by an anaconda (25 damage)
             ... on level 4 of the Lair of Beasts.
             The game lasted 01:34:21 (22172 turns).

unlimited1921 the Thaumaturge (DjFE)               Turns: 22172, Time: 01:34:22

Health: -21/74     AC: 10    Str:  7    XL:     12   Next: 79%
Gold:   1928       EV:  7    Int: 22    God:    Fedhas [......] SH: 14 Dex: 14

rFire   + + +      SeeInvis .   P - +2 dagger (protect)
rCold   . . .      Faith    .   h - +1 kite shield {rN+}
rNeg    + . .      Spirit   .   M - +0 acid dragon scales
rPois   ∞          Reflect  +   L - +0 helmet
rElec   .          Harm     .   F - scarf {rC+ rF+}
rCorr   +          Rampage  .   E - +0 pair of gloves
Will    +....                   (boots unavailable)
Stlth   ++........              n - amulet of reflection
HPRegen 0.22/turn               R - ring of resist corrosion
MPRegen 0.00/turn               (no ring)

@: flying, constricted
A: sickness immunity, fire resistance 2, cold vulnerability 1, float, innate
caster, HP casting, extra vitality 1
a: Renounce Religion


You were on level 4 of the Lair of Beasts.
You worshipped Fedhas.
Fedhas was noncommittal.
You visited 4 branches of the dungeon, and saw 14 of its levels.

You collected 2064 gold pieces.
You spent 90 gold pieces at shops.
You paid 46 gold pieces to Gozag.

Inventory:

Hand Weapons
 c - a +1 long sword of protection
 g - a +2 quarterstaff of chaos
 i - a +0 arbalest
 r - a +1 dagger of pain
 C - a +0 war axe
 P - a +2 dagger of protection (weapon)
 U - a +1 vorpal hand axe
Missiles
 e - 17 poisoned darts
 l - 90 bolts
 s - 299 stones
 t - 3 throwing nets
 w - 8 boomerangs
 Q - 3 curare-tipped darts
Armour
 h - a +1 kite shield of positive energy (worn)
 k - a +2 cloak of preservation
 E - a +0 pair of gloves (worn)
 F - a scarf of resistance (worn)
 L - a +0 helmet (worn)
 M - +0 acid dragon scales (worn)
 N - a +3 ring mail
Jewellery
 n - an amulet of reflection (around neck)
 R - a ring of resist corrosion (left hand)
Wands
 a - a wand of flame (5)
 u - a wand of iceblast (10)
Scrolls
 f - a scroll of amnesia {unknown}
 j - a scroll of identify
 o - 3 scrolls of immolation
 p - 3 scrolls of magic mapping {unknown}
 x - 3 scrolls of teleportation {unknown}
 y - 2 scrolls of vulnerability {unknown}
 z - a scroll of torment
 B - 2 scrolls of noise {unknown}
 D - 4 scrolls of fog
 J - 2 scrolls of blinking {unknown}
 V - a scroll of silence
Potions
 m - 4 potions of attraction {unknown}
 q - 2 potions of curing
 v - 4 potions of might {unknown}
 A - 3 potions of resistance {unknown}
 H - a potion of mutation {unknown}
 K - a potion of haste {unknown}
 O - a potion of flight {unknown}
 S - 2 potions of brilliance {unknown}
 T - 2 potions of berserk rage {unknown}
Miscellaneous
 W - a box of beasts
 X - a phantom mirror (inert) (quivered)


   Skills:
 + Level 2.2 Fighting
 + Level 0.1 Short Blades
 + Level 0.4 Staves
 + Level 4.1 Throwing
 + Level 5.7 Armour
 + Level 4.3 Dodging
 + Level 3.8 Stealth
 * Level 3.0 Shields
 + Level 13.5 Spellcasting
 + Level 0.2 Evocations


You had 12 spell levels left.
You knew the following spells:

 Your Spells              Type           Power      Damage    Failure   Level
a - Foxfire               Conj/Fire      100%       2x1d9     1%          1
b - Scorch                Fire           100%       2d10      1%          2
c - Conjure Flame         Conj/Fire      65%        6-21      1%          3
d - Inner Flame           Hex/Fire       65%        N/A       1%          3
e - Flame Wave            Conj/Fire      65%        2d12      1%          4
f - Pain                  Necr           100%       1d9       1%          1
g - Blink                 Tloc           100%       N/A       1%          2
h - Ozocubu's Armour      Ice            65%        N/A       1%          3
i - Summon Guardian Gole  Hex/Summ       65%        N/A       1%          3
j - Animate Armour        Summ/Erth      100%       N/A       1%          4
Your spell library was empty.

Dungeon Overview and Level Annotations

Branches:
Dungeon (8/15)             Temple (1/1) D:4            Lair (4/6) D:8
  Snake (1/4) Lair:2
  Swamp: Lair:2-4    Shoals: Lair:2-4

Altars:
Ashenzari
Cheibriados
Dithmenos
Elyvilon
Fedhas
Gozag
Hepliaklqana
Kikubaaqudgha
Makhleb
Nemelex Xobeh
Okawaru
Qazlal
Ru
Sif Muna
Trog
Uskayaw
Vehumet
Xom
Yredelemnul
Zin
The Shining One


Innate Abilities, Weirdness & Mutations

You are immune to sickness and miasma.
You are immune to poison.
Your flesh is very heat resistant. (rF++)
You are vulnerable to cold. (rC-)
You float through the air rather than walking.
You learn spells naturally, not from books.
Your magical power is your life essence.
You have superior vitality. (+4 MHP)


Message History

Confirm with . or Enter, or press ? or * to list all spells.
You escape the anaconda's grasp.
You blink.
* * * LOW HITPOINT WARNING * * *
Your anaconda bites the anaconda!
Your anaconda constricts the anaconda.
The anaconda struggles to escape constriction.
Your anaconda bites the anaconda.
Your anaconda constricts the anaconda.
The anaconda grabs your anaconda. The anaconda bites your anaconda!
The anaconda constricts your anaconda.
Your anaconda bites the anaconda!
Your anaconda constricts the anaconda.
The anaconda bites your anaconda! The anaconda constricts your anaconda.
Your anaconda bites the anaconda!
Your anaconda constricts the anaconda.
The anaconda bites your anaconda! The anaconda constricts your anaconda.
Your anaconda bites the anaconda but does no damage.
Your anaconda constricts the anaconda.
The elephant tramples your anaconda.
Your anaconda is held in place!
The elephant trunk-slaps your anaconda.
You hear a trumpeting!
The anaconda bites your anaconda! The anaconda constricts your anaconda.
Your anaconda bites the anaconda.
Your anaconda constricts the anaconda.
The anaconda bites your anaconda!! The anaconda constricts your anaconda.
Your anaconda bites the anaconda.
Your anaconda constricts the anaconda.
The anaconda bites your anaconda. The anaconda constricts your anaconda.
The elephant tramples your anaconda but does no damage.
The elephant trunk-slaps your anaconda.
Your anaconda bites the elephant but does no damage.
Your anaconda constricts the anaconda.
The anaconda bites your anaconda.
Your anaconda dies!
Your anaconda's corpse shimmers and vanishes!
The elephant trumpets!
You hear a howl!
The anaconda hisses angrily.
You hear a trumpeting!
There is a stone staircase leading up here.
The anaconda grabs you.
You stop ascending the stairs.
The anaconda bites you.
* * * LOW HITPOINT WARNING * * *
The anaconda constricts you.
A black mamba comes into view.
You hear a howl!
The black mamba hisses angrily.
Unknown command.
The anaconda's grasp on you weakens, but your attempt to escape fails.
The anaconda bites you!!
You die...
Fedhas appreciates your contribution to the ecosystem.

##..... ###(..
#......##......
#.....$.$.....
##Y.....#...#..
#..............
#..........##.
###............$
#.......@..$....
.......(S$......
......$.........
.P..$..$S.$.....
..#....Y.Y.P....
....#......##....
#.#..##....#....#
...###P..###...S#
.$..#...<....!..P


You could see 3 elephants, an anaconda (berserk, incited), a black mamba and a
water moccasin.

Vanquished Creatures
  4 hydras
  A naga warrior (Snake:1)
  A naga sharpshooter (Snake:1)
  A mana viper (Snake:1)
  An elephant (Lair:4)
  2 black mambas
  Maggie (D:6)
  A cane toad (Lair:1)
  2 komodo dragons
  A troll (D:8)
  A polar bear (Lair:3)
  14 blink frogs
  7 yaks
  A wyvern (D:8)
  A steam dragon (Lair:2)
  3 basilisks
  6 nagas
  14 water moccasins
  4 black bears
  2 necrophages (D:5)
  A sky beast (D:7)
  8 wolves
  2 centaurs
  A phantom (D:3)
  2 kobold brigands
  A gnoll sergeant (D:8)
  8 bullfrogs
  A wyvern zombie (D:6)
  2 scorpions (D:6)
  2 wyvern skeletons
  4 killer bees (D:8)
  4 wights (D:5)
  3 electric eels (Lair:2)
  A bullfrog zombie (D:4)
  2 centaur zombies
  2 jellies (D:6)
  2 bullfrog skeletons (D:5)
  6 orc priests
  2 hounds
  Crazy Yiuf (D:6)
  Jessica (D:2)
  4 iguanas
  5 orc wizards
  A hound zombie (D:5)
  22 gnolls
  5 adders
  A white imp (D:6)
  4 worms
  2 dart slugs
  22 orcs
  12 ball pythons
  5 bats
  4 endoplasms
  A giant cockroach (D:4)
  7 goblins
  9 hobgoblins
  4 jackals (D:3)
  13 kobolds
  5 quokkas
  A frilled lizard (D:2)
  5 rats
256 creatures vanquished.

Vanquished Creatures (collateral kills)
  7 foxfires
7 creatures vanquished.

Vanquished Creatures (others)
  A komodo dragon (Lair:3)
  A killer bee (D:8)
  A bush (D:8)
  583 foxfires
  16 fungi
  37 plants
639 creatures vanquished.

Grand Total: 902 creatures vanquished

Notes
Turn   | Place    | Note
-------+----------+-------------------------------------------
     0 | D:1      | unlimited1921 the Djinni Fire Elementalist began the quest
                  | for the Orb.
     0 | D:1      | Reached XP level 1. HP: 15/15 MP: 0/0
   703 | D:1      | Reached XP level 2. HP: 18/21 MP: 0/0
  1467 | D:1      | Reached skill level 3 in Spellcasting
  1467 | D:1      | Reached XP level 3. HP: 23/25 MP: 0/0
  1467 | D:1      | Learned a level 1 spell: Pain
  1520 | D:1      | Found a faded altar of an unknown god.
  2070 | D:2      | Noticed Jessica
  2073 | D:2      | Killed Jessica
  2074 | D:2      | Reached XP level 4. HP: 28/31 MP: 0/0
  3294 | D:3      | Noticed a phantom
  3305 | D:3      | Killed a phantom
  3306 | D:3      | Reached skill level 4 in Spellcasting
  3306 | D:3      | Reached XP level 5. HP: 14/35 MP: 0/0
  3306 | D:3      | Learned a level 2 spell: Blink
  3885 | D:3      | Reached XP level 6. HP: 36/40 MP: 0/0
  3889 | D:3      | Reached skill level 1 in Throwing
  5463 | D:4      | Reached skill level 1 in Fighting
  5486 | D:4      | Reached XP level 7. HP: 31/47 MP: 0/0
  5486 | D:4      | Learned a level 3 spell: Ozocubu's Armour
  5775 | D:4      | Reached skill level 5 in Spellcasting
  6091 | D:4      | Found Zin's Purification Station.
  6094 | D:4      | Found a glowing silver altar of Zin.
  6097 | D:4      | Bought a potion of curing for 90 gold pieces
  6155 | D:4      | Found a staircase to the Ecumenical Temple.
  6215 | Temple   | Entered the Ecumenical Temple
  6398 | Temple   | Became a worshipper of Gozag Ym Sagoz the Greedy
  6522 | D:5      | Entered Level 5 of the Dungeon
  7155 | D:5      | Reached XP level 8. HP: 28/52 MP: 0/0
  7211 | D:5      | Reached skill level 6 in Spellcasting
  7564 | D:5      | Noticed a yak
  7564 | D:5      | Noticed a yak
  7566 | D:5      | Noticed a yak
  7568 | D:5      | Killed a yak
  7571 | D:5      | Killed a yak
  7577 | D:5      | Killed a yak
  7578 | D:5      | Reached skill level 7 in Spellcasting
  7616 | D:5      | Reached XP level 9. HP: 29/57 MP: 0/0
  7616 | D:5      | Learned a level 3 spell: Summon Guardian Golem
  8591 | D:5      | Found a large runed translucent door.
  8611 | D:5      | Found a large runed translucent door.
  8652 | D:5      | Found a burning altar of Makhleb.
  8673 | D:5      | Found a sparkling altar of Nemelex Xobeh.
  9136 | D:6      | Noticed Maggie
  9146 | D:6      | Killed Maggie
  9147 | D:6      | Reached skill level 8 in Spellcasting
  9466 | D:6      | Found a runed translucent door.
  9467 | D:6      | Noticed Crazy Yiuf
  9475 | D:6      | Killed Crazy Yiuf
  9922 | D:6      | Reached skill level 1 in Armour
 11727 | D:8      | Reached skill level 9 in Spellcasting
 11727 | D:8      | Reached XP level 10. HP: 52/62 MP: 0/0
 12327 | D:8      | Reached skill level 1 in Shields
 12861 | D:8      | Reached skill level 10 in Spellcasting
 13447 | D:8      | Found a staircase to the Lair.
 14230 | Lair:1   | Entered Level 1 of the Lair of Beasts
 14251 | Lair:1   | Noticed a seven-headed hydra
 14258 | Lair:1   | Killed a seven-headed hydra
 14259 | Lair:1   | Reached XP level 11. HP: 52/68 MP: 0/0
 14259 | Lair:1   | Learned a level 4 spell: Animate Armour
 14417 | Lair:1   | Reached skill level 11 in Spellcasting
 15628 | Lair:2   | You are sucked into a shaft and drop 2 floors!
 15628 | Lair:4   | Noticed a six-headed hydra
 15646 | Lair:4   | Noticed a seven-headed hydra
 16018 | Lair:3   | Noticed an eight-headed hydra
 16029 | Lair:3   | Killed an eight-headed hydra
 16664 | Lair:3   | Reached skill level 12 in Spellcasting
 16665 | Lair:3   | HP: 2/68 [blink frog (9)]
 18055 | Lair:2   | Reached skill level 5 in Armour
 18055 | Lair:2   | Reached XP level 12. HP: 44/74 MP: 0/0
 18527 | Lair:2   | Found a staircase to the Snake Pit.
 19018 | Lair:2   | Noticed a four-headed hydra
 19028 | Lair:2   | Killed a four-headed hydra
 19378 | Snake:1  | Entered Level 1 of the Snake Pit
 19393 | Snake:1  | Noticed a naga warrior
 19405 | Snake:1  | Killed a naga warrior
 19406 | Snake:1  | Reached skill level 13 in Spellcasting
 19549 | Snake:1  | Noticed a naga sharpshooter
 19926 | Snake:1  | Killed a naga sharpshooter
 20294 | Snake:1  | Noticed a salamander mystic
 20582 | Lair:4   | Killed a six-headed hydra
 20603 | Lair:4   | Noticed a seven-headed hydra
 21766 | Temple   | Fell from the grace of Gozag
 21766 | Temple   | Became a worshipper of Fedhas Madash
 22164 | Lair:4   | Noticed an anaconda
 22171 | Lair:4   | HP: 3/74 [anaconda (4)]
 22172 | Lair:4   | Demolished by an anaconda

Illustrated notes

Levels and vault maps discovered:
D:1:      lightli_arrival_statue_moat, layout_loops_ring,
          ebering_ecumenical_altar_abandoned
D:2:      layout_basic, uniq_jessica
D:3:      layout_basic, serial_co_window_serial, co_window_paths_a,
          co_window_paths_a, co_window_paths_b, co_window_paths_a,
          co_window_corner_a, co_window_paths_b, co_window_corner_a,
          co_window_corner_cb, co_window_broadway_a, co_window_broadway_c,
          co_window_2corner, co_window_unsneaky_path_b,
          co_window_unsneaky_path_d, glass_columns_b, glass_columns_c
D:4:      layout_rooms, zin_purify, minmay_temple_entry_antechambers
D:5:      layout_loops_ring, jmf_multi_god_temple2, nicolae_figureground_sparkle
D:6:      layout_loops_ring, uniq_crazy_yiuf_cottage, uniq_maggie
D:7:      layout_loops_ring, minmay_misc_feat_chi
D:8:      layout_basic, minmay_lair_entry_grove
Temple:   dpeg_five_rooms_temple
Lair:1:   layout_small_grid, chequers_serial_rivers_micro_a
Lair:2:   layout_gridlike, minmay_snake_entry_guardpost_small, lemuel_fruit_tree
Lair:3:   layout_cave_pods
Lair:4:   beast_lair_carwin_large_4, layout_gridlike, palyth_hydra_swamp_entry
Snake:1:  layout_layer_cave, nicolae_shop_sticking_my_neck_out,
          grunt_megastairs_3, uniq_aizul

Skill      XL: |  1  2  3  4  5  6  7  8  9 10 11 12 |
---------------+-------------------------------------+-----
Spellcasting   | 3 4 5 7 9 10 12 13 | 13.5
Stealth        | 2 3 |  3.8
Throwing       | 1 2 3 4 |  4.1
Fighting       | 1 2 |  2.2
Armour         | 2 4 5 |  5.7
Shields        | 1 3 |  3.0
Dodging        | 3 4 |  4.3
Short Blades   | |  0.1
Staves         | |  0.4
Evocations     | |  0.2

Action                   |  1- 3 |  4- 6 |  7- 9 | 10-12 || total
-------------------------+-------+-------+-------+-------++-------
Melee: Quarterstaff      |     8 |       |       |     4 ||    12
       Dagger            |       |     4 |       |       ||     4
Throw: Dart              |     6 |    35 |    29 |    10 ||    80
 Cast: Foxfire           |    22 |    49 |    57 |   229 ||   357
       Scorch            |    11 |    26 |    80 |    75 ||   192
       Inner Flame       |       |    15 |    33 |    57 ||   105
       Ozocubu's Armour  |       |       |     4 |       ||     4
       Summon Guardian G |       |       |     7 |    32 ||    39
       Blink             |       |       |       |     6 ||     6
       Pain              |       |       |       |     3 ||     3
Evoke: Wand              |       |       |       |     1 ||     1
       Phantom mirror    |       |       |       |     1 ||     1
  Use: Scroll            |       |       |     2 |     8 ||    10
       Potion            |       |       |       |    14 ||    14
Armor: Robe              |     4 |     4 |     2 |       ||    10
       Acid dragon scale |       |       |     1 |    27 ||    28
Dodge: Dodged            |     9 |    10 |    12 |    53 ||    84
Block: Other             |       |     3 |     5 |     8 ||    16
       Reflection        |       |     1 |     2 |       ||     3
       Kite shield       |       |       |       |    28 ||    28
